[Event "Titled Tuesday Blitz August 22 Early 2023"]
[White "Pakleza, Zbigniew"]
[Black "Czerw, Dawid"]
[WhiteFideId "1119290"]
[BlackFideId "1145746"]
[WhiteElo "2842"]
[BlackElo "2504"]
[Result "1-0"]
[Round "3"]
[TimeControl "180+1"]
[Date "2023.08.22"]
[WhiteClock "0:00:06"]
[BlackClock "0:00:00"]
[Board "81"]

1. d4 Nf6 2. Nf3 g6 3. Bf4 Bg7 4. e3 O-O 5. Be2 d6 6. h3 b6 7. O-O Bb7 8. c3 Nbd7 9. Nbd2 c5 10. a4 a6 11. Bh2 Qc7 12. Bd3 Qb8 13. Qe2 Qa7 14. e4 Ne8 15. e5 dxe5 16. dxe5 e6 17. Rfd1 Rd8 18. Bg3 Nc7 19. Nc4 Nd5 20. Nd6 Nb8 21. Be4 Bc6 22. h4 h5 23. Ng5 Ne7 24. Ndxf7 Rxd1+ 25. Rxd1 Rxf7 26. Nxe6 Bxe4 27. Qxe4 Nbc6 28. Rd6 Qb7 29. Nd8 Qc7 30. Nxc6 Nxc6 31. Rxc6 Qe7 32. Rxg6 Kh8 33. Rg5 Bh6 34. Rxh5 Kg7 35. Rf5 Qe6 36. Rxf7+ Kxf7 37. Qh7+ Bg7 38. Qe4 Qb3 39. Qb7+ Kg6 40. Qxa6 Qd1+ 41. Kh2 Qd2 42. Qxb6+ Kh7 43. Qd6 Qxb2 44. Qd3+ Kg8 45. c4 Qa2 46. Qd5+ Kh7 47. Qxc5 Qxa4 48. Qd5 Qb3 49. Qe4+ Kg8 50. c5 Qc3 51. c6 Bf8 52. e6 Be7 53. c7 Qxc7 54. Bxc7 1-0


[Site "https://www.chess.com"]

[Event "Titled Tuesday Blitz August 22 Early 2023"]
[White "Balabayeva, Xeniya"]
[Black "Bacrot, Etienne"]
[WhiteFideId "13719688"]
[BlackFideId "605506"]
[WhiteElo "2504"]
[BlackElo "2833"]
[Result "0-1"]
[Round "3"]
[TimeControl "180+1"]
[Date "2023.08.22"]
[WhiteClock "0:00:00"]
[BlackClock "0:00:12"]
[Board "82"]

1. d4 d5 2. Bf4 Bf5 3. e3 e6 4. Nf3 Bd6 5. Ne5 h5 6. h4 f6 7. Nd3 Ne7 8. Be2 Bxd3 9. Qxd3 Nbc6 10. Nd2 Bxf4 11. exf4 Qd6 12. g3 Qb4 13. c3 Qxb2 14. Rb1 Qxa2 15. Rxb7 Kd7 16. O-O Rab8 17. Rfb1 g6 18. Rxb8 Rxb8 19. Rxb8 Nxb8 20. Bd1 Nbc6 21. Nb3 Ke8 22. Nc5 Kf7 23. Qe3 Nd8 24. Be2 Nf5 25. Qd3 Nd6 26. g4 hxg4 27. Bxg4 Qc4 0-1


[Site "https://www.chess.com"]

[Event "Titled Tuesday Blitz August 22 Early 2023"]
[White "Bilan, Danila"]
[Black "ProphetReborn"]
[WhiteFideId "24161918"]
[WhiteElo "2503"]
[BlackElo "2825"]
[Result "1-0"]
[Round "3"]
[TimeControl "180+1"]
[Date "2023.08.22"]
[WhiteClock "0:00:03"]
[BlackClock "0:01:04"]
[Board "83"]

1. d4 Nf6 2. Nf3 g6 3. Bg5 Bg7 4. c3 d6 5. Nbd2 Nbd7 6. e4 O-O 7. Qc2 c5 8. dxc5 Nxc5 9. Bc4 a6 10. a4 b6 11. O-O Bb7 12. Rfe1 Rc8 13. Bxf6 Bxf6 14. Bd5 Qd7 15. Bxb7 Qxb7 16. Nb3 Nd7 17. Nbd4 Rc7 18. Rad1 Rfc8 19. Qb3 Nc5 20. Qc2 Kg7 21. h3 Rd7 22. g4 e5 23. Nb3 Nxa4 24. g5 Be7 25. h4 Nc5 26. Rd5 Ne6 27. Rd2 Nf4 28. Nc1 f5 29. Ne2 Nh3+ 30. Kg2 fxe4 31. Kxh3 exf3 32. Ng3 Rc4 33. Re4 Rxe4 34. Nxe4 d5 35. Ng3 e4 36. Kh2 Qc7 37. Qa4 b5 38. Qxa6 Bc5 39. Qf6+ Kg8 40. h5 Be7 41. Qe6+ Kf8 42. hxg6 hxg6 43. Rxd5 Rxd5 44. Qxd5 e3 45. Qxf3+ Kg7 46. Qxe3 Bd6 47. Qd4+ Be5 48. Qe4 Qe7 49. Kg2 Qxg5 50. Qb7+ Kh6 51. Qxb5 Qf4 52. Qe2 Qh4 53. Qxe5 1-0


[Site "https://www.chess.com"]

[Event "Titled Tuesday Blitz August 22 Early 2023"]
[White "Gogolev, Artem"]
[Black "Kosakowski, Jakub"]
[WhiteFideId "4116615"]
[BlackFideId "1185080"]
[WhiteElo "2503"]
[BlackElo "2785"]
[Result "0-1"]
[Round "3"]
[TimeControl "180+1"]
[Date "2023.08.22"]
[WhiteClock "0:00:02"]
[BlackClock "0:00:41"]
[Board "84"]

1. d4 Nf6 2. c4 e6 3. g3 c5 4. Nf3 cxd4 5. Nxd4 d5 6. Bg2 e5 7. Nf3 d4 8. O-O Nc6 9. e3 Be7 10. exd4 exd4 11. Bf4 O-O 12. Ne5 Qb6 13. Qb3 Qxb3 14. axb3 Nb4 15. Na3 a6 16. Rfd1 Rd8 17. Nb5 Nc2 18. Rac1 axb5 19. Rxc2 Bf5 20. Rcc1 bxc4 21. Bxb7 Rab8 22. Nc6 Rxb7 23. Nxd8 Bxd8 24. Rxd4 Be7 25. Bd6 Rd7 26. Rcd1 cxb3 27. Bxe7 Rxe7 28. Rd8+ Ne8 29. Rb8 Bc2 30. Rdd8 Kf8 31. f3 f6 32. Kf2 Kf7 33. Rb4 Nc7 34. Rb7 Ne6 35. Rxe7+ Kxe7 36. Rg8 Kf7 37. Rb8 Nc5 38. Ke3 Nd3 39. Rb7+ Kg6 40. Kd2 Nxb2 41. Rb4 Nd3 42. Rg4+ Kf7 43. Rh4 Ne5 44. Rb4 Nxf3+ 45. Ke3 Nxh2 46. Kf2 h5 47. Rb7+ Kg6 48. Kg2 Be4+ 49. Kxh2 Bxb7 0-1


[Site "https://www.chess.com"]

[Event "Titled Tuesday Blitz August 22 Early 2023"]
[White "Materia, Marco"]
[Black "feuervogel1000000"]
[WhiteFideId "45150451"]
[WhiteElo "2784"]
[BlackElo "2503"]
[Result "1-0"]
[Round "3"]
[TimeControl "180+1"]
[Date "2023.08.22"]
[WhiteClock "0:02:22"]
[BlackClock "0:01:45"]
[Board "85"]

1. d4 Nf6 2. c4 e6 3. Nf3 b6 4. g3 Bb7 5. Bg2 Bb4+ 6. Bd2 Be7 7. O-O O-O 8. Nc3 Ne4 9. d5 exd5 10. cxd5 Nxc3 11. Bxc3 Bf6 12. Rc1 Na6 13. Nd4 Re8 14. e4 Nc5 15. Re1 Ba6 16. Re3 g6 17. b4 Nb7 18. b5 1-0


[Site "https://www.chess.com"]

[Event "Titled Tuesday Blitz August 22 Early 2023"]
[White "Starozhilov, Leonid"]
[Black "slidingknight2775"]
[WhiteFideId "14106752"]
[WhiteElo "2763"]
[BlackElo "2501"]
[Result "1-0"]
[Round "3"]
[TimeControl "180+1"]
[Date "2023.08.22"]
[WhiteClock "0:01:09"]
[BlackClock "0:00:00"]
[Board "86"]

1. e4 c5 2. Nf3 d6 3. Bb5+ Nd7 4. O-O a6 5. Bxd7+ Bxd7 6. Re1 Nf6 7. c3 e6 8. d4 cxd4 9. cxd4 d5 10. e5 Ne4 11. Nbd2 Nxd2 12. Bxd2 Be7 13. Qb3 Bc6 14. Bb4 O-O 15. Rac1 Rc8 16. Bc5 Qd7 17. Rc3 Bxc5 18. Rxc5 Bb5 19. Rec1 b6 20. Rxc8 Rxc8 21. Rc3 h6 22. h3 Rxc3 23. Qxc3 Qc6 24. Qxc6 Bxc6 25. Kf1 Kf8 26. Ke1 Ke7 27. Kd2 Bb5 28. Nh2 a5 29. f4 Bc4 30. a3 Ba6 31. g4 Bc4 32. h4 Ba6 33. Ke3 Bc4 34. h5 Bb3 35. Kd2 Bc4 36. g5 Kf8 37. Ng4 hxg5 38. fxg5 Bb3 39. h6 Kg8 40. Ke3 Bd1 41. Nf2 Bb3 42. Kf4 Bc2 43. Ng4 Bf5 44. Ne3 Bd3 45. b4 axb4 46. axb4 Be2 47. Nc2 Bc4 48. Ne1 Be2 49. Ng2 Bd3 50. Nh4 1-0


[Site "https://www.chess.com"]

[Event "Titled Tuesday Blitz August 22 Early 2023"]
[White "Koutlas, Nikolaos"]
[Black "Wagner, Dennis"]
[WhiteFideId "25827138"]
[BlackFideId "24650684"]
[WhiteElo "2500"]
[BlackElo "2759"]
[Result "1-0"]
[Round "3"]
[TimeControl "180+1"]
[Date "2023.08.22"]
[WhiteClock "0:00:21"]
[BlackClock "0:00:06"]
[Board "87"]

1. e4 e5 2. Nf3 Nc6 3. Bc4 Nf6 4. d3 Bc5 5. O-O h6 6. c3 d6 7. a4 a6 8. b4 Ba7 9. Be3 O-O 10. Nbd2 Ne7 11. Bxa7 Rxa7 12. Re1 Ng6 13. d4 Re8 14. Qb3 Qe7 15. dxe5 dxe5 16. Nf1 c6 17. a5 Nh5 18. Ng3 Nxg3 19. hxg3 Ra8 20. Rad1 Bg4 21. Rd3 Be6 22. Bxe6 Qxe6 23. Qxe6 Rxe6 24. Rd7 Rb8 25. Red1 Kf8 26. Kf1 Re7 27. Ke2 Rxd7 28. Rxd7 f6 29. Kd3 Ne7 30. Kc4 Ke8 31. Rd2 Rd8 32. Kc5 Rxd2 33. Nxd2 Nc8 34. Nc4 Ke7 35. g4 g6 36. g3 Ke6 37. Nb6 Nd6 38. f3 f5 39. gxf5+ gxf5 40. Nc4 Nxc4 41. Kxc4 fxe4 42. fxe4 Kd6 43. g4 Kd7 44. Kc5 Kc7 45. c4 Kd7 46. Kb6 Kc8 47. b5 cxb5 48. cxb5 axb5 49. Kxb5 Kb8 50. Kc5 Ka7 51. Kd5 Ka6 52. Kxe5 Kxa5 53. Kd6 b5 54. e5 b4 55. e6 b3 56. e7 b2 57. e8=Q b1=Q 58. Qa8+ Kb6 59. Qb8+ Ka6 60. Qxb1 1-0


[Site "https://www.chess.com"]

[Event "Titled Tuesday Blitz August 22 Early 2023"]
[White "Orozbaev, Eldiar"]
[Black "Yedidia, Daniel"]
[WhiteFideId "13802240"]
[BlackFideId "30905907"]
[WhiteElo "2744"]
[BlackElo "2499"]
[Result "1-0"]
[Round "3"]
[TimeControl "180+1"]
[Date "2023.08.22"]
[WhiteClock "0:01:11"]
[BlackClock "0:00:05"]
[Board "88"]

1. e4 e5 2. Nf3 Nc6 3. d4 exd4 4. c3 d5 5. Bd3 Nf6 6. e5 Ne4 7. O-O Be7 8. Re1 Nc5 9. cxd4 Nxd3 10. Qxd3 O-O 11. Nc3 Nb4 12. Qe2 Bf5 13. Rd1 Bc2 14. Rd2 Bg6 15. a3 Nc6 16. Rd1 Na5 17. Bf4 c6 18. Re1 Nb3 19. Rad1 a5 20. Qe3 Bc2 21. h4 Bxd1 22. Nxd1 a4 23. h5 c5 24. h6 g6 25. e6 Bf6 26. e7 Bxe7 27. Qxe7 Qxe7 28. Rxe7 b6 29. Ne3 Rad8 30. Bc7 cxd4 31. Bxd8 dxe3 32. Bxb6 exf2+ 33. Bxf2 1-0


[Site "https://www.chess.com"]

[Event "Titled Tuesday Blitz August 22 Early 2023"]
[White "Blanco Ronquillo, Humberto L."]
[Black "Korelskiy, Egor"]
[WhiteFideId "3504239"]
[BlackFideId "34329064"]
[WhiteElo "2729"]
[BlackElo "2492"]
[Result "0-1"]
[Round "3"]
[TimeControl "180+1"]
[Date "2023.08.22"]
[WhiteClock "0:00:47"]
[BlackClock "0:00:42"]
[Board "89"]

1. e4 c5 2. c3 e6 3. d4 d5 4. e5 Nc6 5. Nf3 Qb6 6. a3 c4 7. g3 Na5 8. Nbd2 Bd7 9. Bg2 Ne7 10. O-O Nc8 11. Ne1 Qc7 12. f4 Nb6 13. g4 O-O-O 14. Nef3 Ba4 15. Qe2 Nb3 16. Nxb3 cxb3 17. Be3 Nc4 18. Bf2 Bb5 19. Qd1 Nxb2 20. Qxb3 Bxf1 21. Qxb2 Bxg2 22. Kxg2 Be7 23. a4 Kb8 24. a5 Rc8 25. a6 b6 26. Be1 Qc4 27. Qf2 h5 28. h3 hxg4 29. hxg4 f6 30. Bd2 f5 31. gxf5 exf5 32. Qg3 Qc6 33. Kf2 g6 34. Ke3 Rhg8 35. Rh1 Qa4 36. Rh7 Qa3 37. Qh2 Bb4 38. Rb7+ Ka8 39. Qh7 Qxa6 40. Rd7 Bxc3 41. Qf7 Bxd2+ 42. Nxd2 Qa5 43. Rxd5 Qc3+ 44. Ke2 Rh8 45. Rd7 Rh2+ 46. Kf1 Qc1# 0-1


[Site "https://www.chess.com"]

[Event "Titled Tuesday Blitz August 22 Early 2023"]
[White "Devaev, Alexander"]
[Black "Kleiman, Jake"]
[WhiteFideId "4169395"]
[BlackFideId "2020041"]
[WhiteElo "2488"]
[BlackElo "2704"]
[Result "1-0"]
[Round "3"]
[TimeControl "180+1"]
[Date "2023.08.22"]
[WhiteClock "0:00:04"]
[BlackClock "0:00:00"]
[Board "90"]

1. d4 Nf6 2. c4 e6 3. Nf3 Bb4+ 4. Bd2 Bxd2+ 5. Qxd2 O-O 6. Nc3 d5 7. e3 Qe7 8. Rc1 Rd8 9. Qc2 a6 10. cxd5 exd5 11. Bd3 Nc6 12. a3 Bg4 13. O-O Bxf3 14. gxf3 Kh8 15. Kh1 g6 16. Rg1 Rd6 17. Na4 Re8 18. b4 Nh5 19. Rg4 Qf6 20. f4 Qe7 21. Rg5 Nf6 22. Rg2 Rc8 23. f5 Nd8 24. Nc3 c6 25. Rcg1 Ng8 26. Nb1 Rf6 27. Nd2 Nh6 28. Nf3 Qf8 29. Rg5 Rc7 30. Ne5 Re7 31. f4 Qe8 32. h4 gxf5 33. Bxf5 Nxf5 34. Rxf5 Rh6 35. Qh2 Ne6 36. h5 Ng7 37. Rfg5 f6 38. Ng4 fxg5 39. Nxh6 gxf4 40. exf4 Qf8 41. Qh4 Re8 42. Qg5 Re6 43. Ng4 Re4 44. h6 Ne6 45. Qf6+ Qxf6 46. Nxf6 1-0


[Site "https://www.chess.com"]

[Event "Titled Tuesday Blitz August 22 Early 2023"]
[White "Petrosian, Karlen"]
[Black "Mrithyunjay Mahadevan"]
[WhiteFideId "4176146"]
[BlackFideId "45003521"]
[WhiteElo "2696"]
[BlackElo "2488"]
[Result "1-0"]
[Round "3"]
[TimeControl "180+1"]
[Date "2023.08.22"]
[WhiteClock "0:00:29"]
[BlackClock "0:00:50"]
[Board "91"]

1. e4 c5 2. Be2 Nc6 3. f4 g6 4. Nf3 Bg7 5. O-O e6 6. c3 Nge7 7. d4 d5 8. e5 cxd4 9. cxd4 h5 10. Be3 Qb6 11. Qd2 Nf5 12. Bf2 Bd7 13. Nc3 Na5 14. Rac1 Rc8 15. b3 O-O 16. h3 Nh6 17. Bd3 a6 18. Bh4 Rfe8 19. Kh2 Bb5 20. Nxb5 axb5 21. Qb4 Nf5 22. Bf2 Nc6 23. Qxb5 Qa7 24. a4 Bf8 25. Be2 Ba3 26. Rcd1 Qa5 27. g4 hxg4 28. hxg4 Nfe7 29. Qd3 Nb4 30. Qd2 Rc2 31. Qe1 Bb2 32. Bd3 Bc3 33. Qe3 Rb2 34. f5 exf5 35. Qh6 fxg4 36. Ng5 Nxd3 37. Qh7+ Kf8 38. Qxf7# 1-0


[Site "https://www.chess.com"]

[Event "Titled Tuesday Blitz August 22 Early 2023"]
[White "Miszler, Levente"]
[Black "Bulmaga, Irina"]
[WhiteFideId "763276"]
[BlackFideId "13903063"]
[WhiteElo "2487"]
[BlackElo "2691"]
[Result "1-0"]
[Round "3"]
[TimeControl "180+1"]
[Date "2023.08.22"]
[WhiteClock "0:01:35"]
[BlackClock "0:00:00"]
[Board "92"]

1. d4 Nf6 2. Nf3 e6 3. g3 b6 4. Bg2 Bb7 5. O-O Be7 6. c4 O-O 7. Nc3 Ne4 8. Qc2 Nxc3 9. Qxc3 d6 10. b3 Nd7 11. Bb2 Nf6 12. Rfd1 c5 13. a3 Rc8 14. Rac1 Qc7 15. b4 Rfd8 16. bxc5 dxc5 17. d5 exd5 18. cxd5 Rxd5 19. Re1 Rcd8 20. e4 Rd3 21. Qc4 a6 22. Ne5 Rd2 23. Nxf7 Nd5 24. exd5 b5 25. Nh6+ gxh6 26. d6+ bxc4 27. dxc7 Re8 28. Bxb7 Rxb2 29. Rxe7 1-0


[Site "https://www.chess.com"]

[Event "Titled Tuesday Blitz August 22 Early 2023"]
[White "Javakhadze, Zurab"]
[Black "Khamdamova, Afruza"]
[WhiteFideId "13603647"]
[BlackFideId "14210444"]
[WhiteElo "2690"]
[BlackElo "2483"]
[Result "1-0"]
[Round "3"]
[TimeControl "180+1"]
[Date "2023.08.22"]
[WhiteClock "0:01:08"]
[BlackClock "0:00:13"]
[Board "93"]

1. c4 e6 2. Nc3 d5 3. d4 Nf6 4. Nf3 Be7 5. g3 O-O 6. Bg2 dxc4 7. Qa4 a6 8. Qxc4 b5 9. Qd3 Bb7 10. O-O Nbd7 11. Rd1 c5 12. dxc5 Bxc5 13. Ng5 Bxg2 14. Kxg2 Qb6 15. Nce4 Rad8 16. Bf4 h6 17. Nf3 Nxe4 18. Qxe4 Nf6 19. Qc2 Nd5 20. e3 Rc8 21. Qe2 Qb7 22. Be5 Rfd8 23. Bd4 Bxd4 24. Rxd4 Nb6 25. Rad1 Rxd4 26. Rxd4 Nc4 27. e4 Qb6 28. Rd7 Qc6 29. Rd1 Nd6 30. Rd4 Nc4 31. b3 Nb6 32. Qd3 a5 33. Ne5 Qc7 34. Qxb5 Rb8 35. Qxa5 Ra8 36. Qb5 Rxa2 37. Qe8+ Kh7 38. Nxf7 Qc2 39. Qh8+ Kg6 40. Ne5+ Kf6 41. Ng4+ Kg6 42. Qe8+ Kh7 43. Nf6+ gxf6 44. Qf7+ 1-0


[Site "https://www.chess.com"]

[Event "Titled Tuesday Blitz August 22 Early 2023"]
[White "Fernandez Lopez, Ruben"]
[Black "Hua, Lefong"]
[WhiteFideId "24518298"]
[BlackFideId "2602253"]
[WhiteElo "2482"]
[BlackElo "2683"]
[Result "0-1"]
[Round "3"]
[TimeControl "180+1"]
[Date "2023.08.22"]
[WhiteClock "0:02:17"]
[BlackClock "0:01:03"]
[Board "94"]

1. b3 Nf6 2. Bb2 g6 3. e3 Bg7 4. c4 O-O 5. Nf3 c5 6. Be2 Nc6 7. O-O d6 8. d4 Ne4 9. Nc3 Bf5 10. Nxe4 Bxe4 11. Qc1 e5 12. dxc5 dxc5 13. Rd1 Qe7 14. Nd2 Bf5 15. Bf3 e4 16. Bxg7 Kxg7 17. Be2 h5 18. Nb1 Ne5 19. Nc3 h4 20. Nd5 Qg5 21. Qc3 f6 22. Nf4 h3 23. g3 Bg4 24. Rd5 Kh6 25. Rad1 Bxe2 26. Nxe2 Qg4 27. Nf4 g5 28. Rxe5 Qxd1+ 0-1


[Site "https://www.chess.com"]

[Event "Titled Tuesday Blitz August 22 Early 2023"]
[White "Hoang, Thi Bao Tram"]
[Black "Itkis, Boris"]
[WhiteFideId "12401102"]
[BlackFideId "1209167"]
[WhiteElo "2680"]
[BlackElo "2481"]
[Result "1-0"]
[Round "3"]
[TimeControl "180+1"]
[Date "2023.08.22"]
[WhiteClock "0:02:08"]
[BlackClock "0:00:51"]
[Board "95"]

1. d4 d5 2. c4 e6 3. Nc3 Nf6 4. cxd5 exd5 5. Bf4 c6 6. e3 Bd6 7. Qf3 O-O 8. Bd3 Qc7 9. Nge2 Be6 10. h3 Nbd7 11. g4 g6 12. Qg3 Bxf4 13. Nxf4 Rac8 14. g5 Ne8 15. h4 Ng7 16. h5 Bf5 17. Bxf5 Nxf5 18. Qh3 Rfe8 19. hxg6 Nf8 20. gxh7+ Kh8 21. Qxf5 1-0


[Site "https://www.chess.com"]

[Event "Titled Tuesday Blitz August 22 Early 2023"]
[White "Tsyhanchuk, Stanislav"]
[Black "Kavutskiy, Konstantin"]
[WhiteFideId "13505130"]
[BlackFideId "2026384"]
[WhiteElo "2481"]
[BlackElo "2678"]
[Result "0-1"]
[Round "3"]
[TimeControl "180+1"]
[Date "2023.08.22"]
[WhiteClock "0:00:02"]
[BlackClock "0:01:05"]
[Board "96"]

1. e4 c5 2. Nf3 Nc6 3. d4 cxd4 4. Nxd4 Nf6 5. Nc3 e5 6. Ndb5 d6 7. Bg5 a6 8. Na3 b5 9. Nd5 Be7 10. Bxf6 Bxf6 11. c3 Rb8 12. Nc2 Bg5 13. g3 O-O 14. h4 Bh6 15. Bg2 a5 16. O-O Ne7 17. Nce3 Bxe3 18. Nxe3 Be6 19. a4 bxa4 20. Qd2 Bb3 21. f4 exf4 22. gxf4 Qb6 23. Kh2 Rfd8 24. f5 d5 25. f6 dxe4 26. Qf2 Qxf6 27. Qg3 Qd6 28. Rf4 Ng6 29. Rxe4 Qxg3+ 30. Kxg3 Rd2 31. h5 Nf8 32. Nf5 g6 33. Ne7+ Kg7 34. Rh1 Rxb2 35. h6+ Kh8 36. Nc6 Rxg2+ 37. Kxg2 Bd5 38. Nxb8 Bxe4+ 0-1


[Site "https://www.chess.com"]

[Event "Titled Tuesday Blitz August 22 Early 2023"]
[White "Seletsky, Grigory"]
[Black "Egor_Koshulyan"]
[WhiteFideId "14112191"]
[WhiteElo "2477"]
[BlackElo "2672"]
[Result "0-1"]
[Round "3"]
[TimeControl "180+1"]
[Date "2023.08.22"]
[WhiteClock "0:00:43"]
[BlackClock "0:00:14"]
[Board "97"]

1. e4 c5 2. Nf3 Nc6 3. Bb5 g5 4. Bxc6 dxc6 5. d3 g4 6. Ne5 h5 7. Nc3 Bg7 8. Nc4 Be6 9. Ne3 Qd7 10. f4 gxf3 11. Qxf3 O-O-O 12. O-O Be5 13. Nf5 Nf6 14. Be3 b6 15. Kh1 Ng4 16. Bg1 Qc7 17. h3 Nf6 18. a4 a5 19. Be3 h4 20. Bf4 Nh5 21. Bxe5 Qxe5 22. Kg1 Kb7 23. Nxe7 Ng3 24. Rf2 Rhg8 25. Nf5 Bxf5 26. exf5 Rde8 27. Qf4 Qe1+ 28. Rf1 Nxf1 29. Rxe1 Rxe1 30. Qd6 Ng3+ 31. Kf2 Rf1+ 32. Ke3 Nxf5+ 33. Ke2 Nxd6 0-1


[Site "https://www.chess.com"]

[Event "Titled Tuesday Blitz August 22 Early 2023"]
[White "Marn, Jan"]
[Black "Gubajdullin, Alexei"]
[WhiteFideId "14619245"]
[BlackFideId "4141202"]
[WhiteElo "2476"]
[BlackElo "2663"]
[Result "1/2-1/2"]
[Round "3"]
[TimeControl "180+1"]
[Date "2023.08.22"]
[WhiteClock "0:00:04"]
[BlackClock "0:00:03"]
[Board "98"]

1. f4 Nf6 2. Nf3 g6 3. e3 Bg7 4. Be2 O-O 5. O-O d6 6. d3 c5 7. e4 Nc6 8. Qe1 Bg4 9. c3 b5 10. h3 Bxf3 11. Bxf3 Qb6 12. Be3 b4 13. Nd2 Qa6 14. Nc4 Nd7 15. cxb4 Nxb4 16. Qd2 Nb6 17. e5 Rad8 18. a3 Nxd3 19. Nxb6 axb6 20. Be2 dxe5 21. fxe5 Bxe5 22. Rad1 c4 23. Bh6 Rfe8 24. Qg5 f6 25. Qg4 b5 26. b3 Qb6+ 27. Kh1 e6 28. Bxd3 cxd3 29. a4 bxa4 30. bxa4 f5 31. Qc4 Qd4 32. Qa2 Bb8 33. Rf3 Qd5 34. Qxd5 Rxd5 35. Rfxd3 Red8 36. Rxd5 exd5 37. Bg5 Rd7 38. Bf6 Ba7 39. Bd4 Bxd4 40. Rxd4 Kf7 41. Kg1 Ke6 42. Kf2 Rb7 43. a5 Rb2+ 44. Kf3 Ra2 45. Rb4 Rxa5 46. Rb7 h5 47. Rb6+ Kf7 48. Kf4 Ra2 49. g3 Ra3 50. h4 d4 51. Rd6 d3 52. Ke5 Ke7 53. Rxg6 d2 54. Re6+ Kf7 55. Rd6 Rxg3 56. Kxf5 Rg2 57. Rd3 Ke7 58. Rd5 Ke8 59. Rd3 Ke7 60. Rd5 Kf7 61. Rd7+ Ke8 62. Rd3 Rh2 63. Kg5 Kf7 64. Kxh5 Kf6 65. Rf3+ Ke5 66. Rd3 Ke4 67. Rd8 Ke3 68. Kg5 Rg2+ 69. Kf6 Rf2+ 70. Kg6 Rf4 71. Rxd2 Kxd2 72. h5 Rg4+ 73. Kf7 Rh4 74. Kg6 Ke3 75. h6 Ke4 76. h7 Ke5 77. Kg7 Rg4+ 78. Kf7 Rf4+ 79. Kg7 Rg4+ 80. Kh8 Kf6 1/2-1/2


[Site "https://www.chess.com"]

[Event "Titled Tuesday Blitz August 22 Early 2023"]
[White "Zhu, Jiner"]
[Black "Reprintsev, Alexander"]
[WhiteFideId "8608059"]
[BlackFideId "14100541"]
[WhiteElo "2657"]
[BlackElo "2476"]
[Result "1-0"]
[Round "3"]
[TimeControl "180+1"]
[Date "2023.08.22"]
[WhiteClock "0:00:14"]
[BlackClock "0:00:07"]
[Board "99"]

1. Nf3 d5 2. g3 Nc6 3. Bg2 e5 4. d3 Bg4 5. O-O Qd7 6. c4 Nf6 7. cxd5 Nxd5 8. Bd2 Bh3 9. Nc3 Bxg2 10. Kxg2 Nb6 11. a3 a5 12. Rc1 Be7 13. Na4 O-O 14. Nxb6 cxb6 15. Be3 b5 16. Nd2 Qd5+ 17. Kg1 b4 18. a4 b5 19. Ne4 Nd4 20. Bxd4 exd4 21. Rc7 Rfe8 22. Qc2 b3 23. Qd2 bxa4 24. Ra1 a3 25. bxa3 a4 26. Qb2 Rac8 27. Rac1 Rxc7 28. Rxc7 f5 29. Nd2 Qd6 30. Rc4 Qxa3 31. Qxa3 Bxa3 32. Rxa4 Bb2 33. Nxb3 Rxe2 34. Nxd4 g6 35. Nxe2 1-0


[Site "https://www.chess.com"]

[Event "Titled Tuesday Blitz August 22 Early 2023"]
[White "Goncalves, Davi Sulzbacher"]
[Black "Castellanos Villela, Alejandro"]
[WhiteFideId "2154510"]
[BlackFideId "3446379"]
[WhiteElo "2474"]
[BlackElo "2653"]
[Result "0-1"]
[Round "3"]
[TimeControl "180+1"]
[Date "2023.08.22"]
[WhiteClock "0:00:03"]
[BlackClock "0:00:01"]
[Board "100"]

1. d4 Nf6 2. c4 e6 3. Nc3 Bb4 4. a3 Bxc3+ 5. bxc3 Nc6 6. Bg5 h6 7. Bh4 b6 8. e3 Na5 9. Bd3 c5 10. e4 Ba6 11. Qe2 cxd4 12. cxd4 Nb3 13. e5 g5 14. exf6 gxh4 15. Rd1 Nxd4 16. Qe4 Nc6 17. Qxh4 Qc7 18. Nf3 O-O-O 19. O-O Rdg8 20. c5 Bxd3 21. Rxd3 bxc5 22. Rc1 d6 23. Qf4 e5 24. Qd2 e4 25. Rxd6 exf3 26. Rxc5 Rxg2+ 27. Kh1 Rhg8 28. Rc1 Kb7 29. Qb2+ Ka8 30. Rb1 Rb8 31. Rxc6 Rxb2 32. Rbc1 Qxh2# 0-1


[Site "https://www.chess.com"]

[Event "Titled Tuesday Blitz August 22 Early 2023"]
[White "Yeritsyan, Hayk"]
[Black "Skvortsov, Andrei"]
[WhiteFideId "13307320"]
[BlackFideId "24108600"]
[WhiteElo "2472"]
[BlackElo "2649"]
[Result "0-1"]
[Round "3"]
[TimeControl "180+1"]
[Date "2023.08.22"]
[WhiteClock "0:00:00"]
[BlackClock "0:01:03"]
[Board "101"]

1. c4 g6 2. Nf3 Bg7 3. h4 h6 4. h5 g5 5. g3 e5 6. d3 Nc6 7. Bg2 Nge7 8. Nc3 d6 9. Rb1 a5 10. b3 Bg4 11. Bb2 Qd7 12. Qd2 Nd8 13. Nd5 Nxd5 14. cxd5 O-O 15. Rc1 c5 16. dxc6 Nxc6 17. Ng1 d5 18. e3 Be6 19. Ne2 d4 20. e4 a4 21. b4 Bxa2 22. b5 Nd8 23. Ba3 Be6 24. Bxf8 Bxf8 25. O-O a3 26. f4 f6 27. fxe5 fxe5 28. g4 Be7 29. Ng3 Bxg4 30. Nf5 Bf8 31. Qa2+ Qe6 32. Rc4 Bxh5 33. Qf2 Nf7 34. Rc7 a2 35. Ra1 Nd6 36. Nxd6 Bxd6 37. Rc2 Bf7 38. Qg3 Bb4 39. Rf2 Bc3 40. Bh3 Qg6 41. Rff1 Bxa1 42. Rxa1 Be6 43. Bg2 Qf6 44. Kh2 Qf4 45. Qxf4 exf4 46. Bf3 Ra5 47. Bd1 Rxb5 0-1


[Site "https://www.chess.com"]

[Event "Titled Tuesday Blitz August 22 Early 2023"]
[White "Flynn, Jacob"]
[Black "Haug, Havard"]
[WhiteFideId "2509393"]
[BlackFideId "1547887"]
[WhiteElo "2472"]
[BlackElo "2646"]
[Result "1-0"]
[Round "3"]
[TimeControl "180+1"]
[Date "2023.08.22"]
[WhiteClock "0:00:11"]
[BlackClock "0:00:00"]
[Board "102"]

1. d4 Nf6 2. c4 e6 3. g3 d5 4. Bg2 c5 5. cxd5 exd5 6. Nf3 Nc6 7. O-O Be7 8. dxc5 Bxc5 9. a3 Ne4 10. b4 Be7 11. Bb2 Bf6 12. Bxf6 Qxf6 13. Ra2 O-O 14. Qc1 Be6 15. Rc2 Rac8 16. Nbd2 Ne5 17. Nxe5 Qxe5 18. Nxe4 dxe4 19. Rxc8 Rxc8 20. Qe3 g6 21. Qxe4 Qxe4 22. Bxe4 b6 23. Bd3 Rc3 24. Ra1 Kg7 25. Kf1 Rb3 26. f3 Rb2 27. Kf2 h5 28. h4 Kf6 29. Ke3 Ke5 30. Rc1 Rb3 31. Ra1 Rc3 32. Kd2 Rc7 33. Rc1 Rd7 34. Ke3 Re7 35. a4 Bd7 36. a5 Kd6+ 37. Kd4 Re8 38. axb6 axb6 39. Ra1 Rc8 40. Ra7 Rc1 41. Rb7 Rg1 42. Rxb6+ Ke7 43. Rb7 Kd6 44. b5 Rxg3 45. b6 g5 46. hxg5 Rxg5 47. Rb8 Rg1 48. Rh8 Kc6 49. Rh6+ Be6 50. f4 Kxb6 51. f5 Kc7 52. fxe6 fxe6 53. Rxh5 Kd6 54. Ra5 Rg4+ 55. Be4 Rg1 56. Ra6+ Ke7 57. Bd3 Rg5 58. Bc4 Rg4+ 59. Kc3 Rg3+ 60. Kb4 Re3 61. Kc5 e5 62. Ra7+ Kf6 63. Rf7+ Kg6 64. Rf2 Kg5 65. Kd5 Kg6 66. Bd3+ Kg7 67. Rf5 e4 68. Re5 Kf6 69. Rxe4 Rh3 70. Rf4+ Ke7 71. Kd4 Rh5 72. Rf5 Rh4+ 73. e4 Rh2 74. Bc4 Kd6 75. Rf6+ Ke7 76. Re6+ Kd7 77. Bd5 Rd2+ 78. Ke5 Rh2 79. Rf6 Rh5+ 80. Rf5 Rh4 81. Rf7+ Ke8 82. Ke6 Rh6+ 83. Rf6 Rh5 84. Kd6 Rh7 85. e5 Rh8 86. Rg6 Kf8 87. Rg8+ Rxg8 88. Bxg8 Kxg8 89. Kd7 Kf8 90. e6 1-0


[Site "https://www.chess.com"]

[Event "Titled Tuesday Blitz August 22 Early 2023"]
[White "Hirneise, Jens"]
[Black "Tregubov, Pavel V."]
[WhiteFideId "24614734"]
[BlackFideId "4115341"]
[WhiteElo "2469"]
[BlackElo "2643"]
[Result "0-1"]
[Round "3"]
[TimeControl "180+1"]
[Date "2023.08.22"]
[WhiteClock "0:00:53"]
[BlackClock "0:01:11"]
[Board "103"]

1. d4 Nf6 2. c4 c5 3. d5 b5 4. cxb5 a6 5. b6 e6 6. Nc3 Nxd5 7. Nxd5 exd5 8. Qxd5 Nc6 9. e3 Be7 10. Bc4 O-O 11. Nf3 Rb8 12. O-O Rxb6 13. Rd1 d6 14. Qe4 Bf6 15. Rb1 g6 16. Qd3 Nb4 17. Qe2 Qe7 18. e4 Re8 19. Re1 d5 20. exd5 Qxe2 21. Rxe2 Rxe2 22. Bxe2 Bf5 23. Ra1 Nc2 24. Rb1 Nd4 25. Nxd4 Bxb1 26. Nb3 Bxa2 27. Nxc5 Bxd5 28. Nxa6 Bxb2 29. Be3 Bd4 30. h3 Bxe3 31. fxe3 Rb2 32. Bf1 Rb1 33. Kf2 Rxf1+ 0-1


[Site "https://www.chess.com"]